 Dungeon Crawl Stone Soup version 0.28-a0-476-g0f06bd746f (webtiles) character file.

Game seed: 7303751360918111983

48 robertstho the Skirmisher (level 3, -2/24 HPs)
             Began as a Tengu Berserker on Sept 16, 2021.
             Was a Follower of Trog.
             Succumbed to an adder's poison
             ... on level 2 of the Dungeon.
             The game lasted 00:01:13 (1660 turns).

robertstho the Skirmisher (Tengu Berserker)         Turns: 1660, Time: 00:01:13

Health: -2/24      AC:  2    Str: 18    XL:     3   Next: 72%
Magic:  4/4        EV: 12    Int:  7    God:    Trog [*.....]
Gold:   62         SH:  0    Dex: 13    Spells: 2/2 levels left

rFire   . . .      SeeInvis .   a - +0 hand axe
rCold   . . .      Faith    .   (no shield)
rNeg    . . .      Spirit   .   b - +0 animal skin
rPois   .          Reflect  .   (helmet restricted)
rElec   .          Harm     .   (no cloak)
rCorr   .          Rampage  .   (no gloves)
Will    .....                   (boots unavailable)
Stlth   +.........              (no amulet)
HPRegen 0.08/turn               (no ring)
MPRegen 0.09/turn               (no ring)

@: lethally poisoned (-2 -> -13)
A: beak, talons 3
a: Renounce Religion, Berserk


You were on level 2 of the Dungeon.
You worshipped Trog.
Trog was aware of your devotion.
You visited 1 branch of the dungeon, and saw 2 of its levels.

You collected 62 gold pieces.

Inventory:

Hand Weapons
 a - a +0 hand axe (weapon)
Armour
 b - a +0 animal skin (worn)
Jewellery
 h - a +4 ring of protection
Scrolls
 c - a scroll of magic mapping {unknown}
 d - a scroll of immolation {unknown}
 f - 2 scrolls of fog {unknown}
Potions
 e - a potion of flight {unknown}
 g - a potion of haste {unknown}
 i - a potion of might {unknown}


   Skills:
 * Level 3.8 Fighting
 + Level 3.8 Axes
 * Level 2.7 Armour
 + Level 2.3 Dodging


You had 2 spell levels left.
You didn't know any spells.
Your spell library was empty.

Dungeon Overview and Level Annotations

Branches:
Dungeon (2/15)

Altars:


Innate Abilities, Weirdness & Mutations

You have a beak for a mouth.
You have claws for feet.


Message History

The adder bites you.
You barely miss the adder. Your kick misses the adder.
The adder barely misses you. The adder bites you.
You hit the adder but do no damage. Your peck misses the adder.
The adder bites you.
You hit the adder. Your kick misses the adder.
The adder is lightly wounded.
The adder misses you.
You completely miss the adder. Your kick misses the adder.
Your peck misses the adder.
The adder is lightly wounded.
The adder closely misses you. The adder bites you.
You are poisoned.
The adder poisons you!
You closely miss the adder. Your kick misses the adder.
You peck the adder, but do no damage.
The adder is lightly wounded.
You feel sick. The adder bites you but does no damage.
You miss the adder. You claw the adder! Your peck misses the adder.
The adder is severely wounded.
You feel sick. The adder bites you.
You are lethally poisoned!
The adder poisons you! The adder closely misses you.
You are too injured to fight recklessly!
You fail to use your ability.
* * * LOW HITPOINT WARNING * * *
You feel sick. The adder bites you.
* * * LOW HITPOINT WARNING * * *
You are more poisoned.
The adder poisons you!
You closely miss the adder. Your kick misses the adder.
The adder is severely wounded.
* * * LOW HITPOINT WARNING * * *
You feel very sick. The adder bites you.
* * * LOW HITPOINT WARNING * * *
You closely miss the adder. Your kick misses the adder.
Your peck misses the adder.
The adder is severely wounded.
You die...

#........####.###.##.
#.##.###..............
#.##.....##.###.##.#.#
#.######............. .
#.# #.##.#.##.#.# #.#
#(######†##........#...#
#.#.........#.#.$....#
#.#.####.##.#....[.#.#..
#.#.# #.##...#.@S.....#
#.#.# #.##.#.#†#.##.#.#
#.#.# #....#.......
#.#.# #..##.#.#.##.##
#.#.###..##.........
#.#<##...##.#.##.###.
#.#.##...##.#.##.###.#
#.#.##.#............ .
#.........##.#.##.#


You could see an adder.

Vanquished Creatures
  An adder (D:2)
  A worm (D:2)
  2 dart slugs (D:1)
  5 endoplasms
  A giant cockroach (D:2)
  2 hobgoblins (D:1)
  3 jackals (D:1)
  3 kobolds
  2 ball pythons
  6 bats
  A goblin (D:2)
  4 rats (D:1)
31 creatures vanquished.

Notes
Turn   | Place    | Note
-------+----------+-------------------------------------------
     0 | D:1      | robertstho the Tengu Berserker began the quest for the Orb.
     0 | D:1      | Reached XP level 1. HP: 14/14 MP: 2/2
   263 | D:1      | Reached XP level 2. HP: 15/19 MP: 3/3
  1019 | D:1      | Reached XP level 3. HP: 19/23 MP: 4/4
  1659 | D:2      | HP: 1/24 [adder (1)]
  1660 | D:2      | Succumbed to an adder's poison

Illustrated notes

Levels and vault maps discovered:
D:1:      lightli_arrival_statuegarden, layout_basic,
          chequers_serial_rivers_small_a
D:2:      layout_loops_ring, basic_ecumenical_altar, minmay_diced_spiral,
          uniq_natasha, uniq_sigmund, uniq_crazy_yiuf_cottage

Action                   || total
-------------------------++-------
Melee: Hand axe          ||    71
       Kick              ||    18
       Peck              ||    10
Invok: Berserk           ||     1
Armor: Animal skin       ||    13
Dodge: Dodged            ||    59

Table legend: (Time is in decaauts)
 A = Elapsed time spent in this place.
 B = Non-inter-level travel time spent in this place.
 C = Inter-level travel time spent in this place.
 D = Time resting spent in this place.
 E = Time spent auto-exploring this place.
 F = Levels seen in this place.
 G = Mean time per level.
                   A        B        C        D        E       F      G
               +--------+--------+--------+--------+--------+-----+--------+
         Total |   1679 |   1672 |      7 |    193 |   1271 |   2 |  839.5 |
       Dungeon |   1679 |   1672 |      7 |    193 |   1271 |   2 |  839.5 |
               +--------+--------+--------+--------+--------+-----+--------+

Top non-repeatable levels by time:
     D:1: 1251 daAuts
     D:2: 428 daAuts
